 Dungeon Crawl Stone Soup version 0.29-a0-666-g26d293caef (webtiles) character file.

Game seed: 10121722389923433819

184 Kae the Firebug (level 5, -4/28 HPs)
             Began as a Deep Elf Fire Elementalist on June 23, 2022.
             Succumbed to a kobold brigand's curare-tipped dart
             ... in a sewer.
             The game lasted 00:04:57 (3012 turns).

Kae the Firebug (Deep Elf Fire Elementalist)        Turns: 3012, Time: 00:04:57

Health: -4/28      AC:  2    Str:  5    XL:     5   Next: 36%
Magic:  13/13      EV: 12    Int: 22    God:
Gold:   104        SH:  0    Dex: 15    Spells: 3/12 levels left

rFire   . . .      SeeInvis .   v - +1 short sword (speed)
rCold   . . .      Faith    .   (no shield)
rNeg    . . .      Spirit   .   a - +0 robe
rPois   .          Reflect  .   (no helmet)
rElec   .          Harm     .   (no cloak)
rCorr   .          Rampage  .   (no gloves)
Will    .....                   (no boots)
Stlth   ++........              A - amulet of the acrobat
HPRegen 0.09/turn               (no ring)
MPRegen 0.13/turn               (no ring)

@: lethally poisoned (-4 -> -23), slowed, very slow
A: no striking features
a: no special abilities


You were in a sewer.
You visited 1 branch of the dungeon, and saw 3 of its levels.
You also visited: Sewer.

You collected 104 gold pieces.


   Skills:
 - Level 2.4 Dodging
 - Level 2.4 Stealth
 + Level 4.3 Spellcasting
 * Level 3.6 Conjurations
 * Level 5.0 Fire Magic


You had 3 spell levels left.
You knew the following spells:

 Your Spells              Type           Power      Damage    Failure   Level
a - Foxfire               Conj/Fire      92%        2x1d8     1%          1
b - Scorch                Fire           52%        2d7       1%          2
c - Conjure Flame         Conj/Fire      23%        6-21      5%          3
d - Inner Flame           Hex/Fire       15%        N/A       12%         3

Your spell library contained the following spells:

 Spells                   Type           Power      Damage    Failure   Level
 Flame Wave               Conj/Fire      23%        2d7       19%         4

Inventory:

Hand Weapons
 f - a +1 dagger of electrocution
   (You took it off a kobold on level 1 of the Dungeon)
 q - the +10 dire flail of Exquisite Death {pain, rPois rCorr Str-3}
   (You found it on level 2 of the Dungeon)

   In the hands of one skilled in necromantic magic, it inflicts extra damage on
   living creatures.
   Str:       It affects your strength (-3).
   rPois:     It protects you from poison.
   rCorr:     It protects you from acid and corrosion.
 v - a +1 short sword of speed (weapon)
   (You found it on level 2 of the Dungeon)
Missiles
 c - 12 poisoned darts
 d - 21 stones
Armour
 a - a +0 robe (worn)
 g - a +0 ring mail
   (You found it on level 1 of the Dungeon)
 k - a +0 pair of gloves
   (You found it on level 1 of the Dungeon)
 r - a +0 leather armour
   (You found it on level 2 of the Dungeon)
Jewellery
 A - an amulet of the acrobat (around neck)
   (You found it on level 2 of the Dungeon)
Scrolls
 b - a scroll of identify {@r1}
 m - a scroll of poison {!r}
Potions
 e - a potion of resistance {unknown}
 h - 3 potions of flight
 i - 3 potions of brilliance
 l - 2 potions of invisibility {unknown}
 p - a potion of berserk rage {!q}
 s - a potion of might

Dungeon Overview and Level Annotations

Branches:
Dungeon (3/15) Zot: 15683   Sewer (1/1) Zot: 5285

Altars:

Shops:
D:1

*=
.....≈≈≈≈≈≈≈≈....##
.......≈≈≈≈≈≈....#
......≈≈≈≈≈≈≈.÷÷.##
#......≈≈≈≈≈≈.#...#
#......≈≈≈≈.≈##.÷.##
##......≈≈≈..###...#
##.......≈≈≈..##...#
###.....≈≈≈.......##
###.....≈≈≈.....@##
.#......≈≈≈≈....K#
.........≈≈...K.K#
#........≈≈....KK##
##.....≈≈≈≈.......#
##....≈≈≈≈≈≈..K...##
#.....≈≈≈≈≈≈≈..#...#
#.....≈≈≈≈≈≈≈.###..#
..#...≈≈≈≈≈≈..###†.#


You could see 2 kobold brigands and 4 kobolds.


Message History

You are poisoned.
You have difficulty breathing.
You feel yourself slow down. 😕 HP[-2]
You take 2 damage, and now have 26/28 hp.
You enter the shallow water.
Moving in this stuff is going to be slow.
You feel very sick.
The kobold brigand throws a curare-tipped dart.
The curare-tipped dart completely misses you.
The kobold shoots a bolt.
The bolt completely misses you.
The kobold brigand throws a curare-tipped dart.
The curare-tipped dart hits you.
You are lethally poisoned!
You have difficulty breathing.
* * * LOW HITPOINT WARNING * * *
You feel as though you will be slow longer. 😨 HP[-12]
You take 12 damage, and now have 14/28 hp.
MASSIVE DAMAGE!! (PAUSE) Unknown command.
As you read the scroll of teleportation {@r4}, it crumbles to dust.
You feel strangely unstable.
* * * LOW HITPOINT WARNING * * *
You feel extremely sick.
The kobold shoots a bolt.
The bolt closely misses you.
The kobold brigand throws a poisoned dart.
The poisoned dart hits you.
You are more poisoned.
The kobold barely misses you. 😱 HP[-7]
You take 7 damage, and now have 7/28 hp.
MASSIVE DAMAGE!! (PAUSE) Unknown command.
Unknown command.
You feel better.
The kobold brigand throws a poisoned dart.
The poisoned dart hits you.
You are poisoned.
The kobold hits you with a +0 whip.
* * * LOW HITPOINT WARNING * * *
😨 HP[+4]
You regained 4 hp, and now have 11/28 hp.
Unknown command.
Unknown command.
Unknown command.
Unknown command.
Your surroundings seem slightly different.
You feel very sick. 😨 HP[-3]
You take 3 damage, and now have 8/28 hp.
You feel sick. 😱 HP[-2]
You take 2 damage, and now have 6/28 hp.
You feel sick.
You are no longer poisoned. 😱 HP[-1]
You take 1 damage, and now have 5/28 hp.
The kobold brigand throws a poisoned dart.
The poisoned dart hits you!
You are lethally poisoned! 😱 HP[+1] Unknown command.
Unknown command.
Unknown command.
Unknown command.
You feel better.
The kobold brigand throws a poisoned dart.
The poisoned dart hits you!
You are poisoned. 😨 HP[+7]
You regained 7 hp, and now have 13/28 hp.
Unknown command.
Unknown command.
Okay, then.
You aren't carrying any items that you can evoke.
Unknown command.
As you read the scroll labelled POPAUR RAMIA, it crumbles to dust.
It is a scroll of brand weapon.
Your +1 dagger of draining crackles with electricity.
f - a +1 dagger of electrocution
* * * LOW HITPOINT WARNING * * *
You feel very sick.
The kobold brigand throws a curare-tipped dart.
The curare-tipped dart hits you.
You are lethally poisoned!
You have difficulty breathing.
* * * LOW HITPOINT WARNING * * *
You feel as though you will be slow longer. 😱 HP[-11]
You take 11 damage, and now have 2/28 hp.
MASSIVE DAMAGE!! (PAUSE) Unknown command.
Unknown command.
As you read the scroll labelled YFUCAHITUN, it crumbles to dust.
You assume a fearsome visage.
The kobold looks frightened!
The kobold brigand looks frightened!
The kobold looks frightened! x2
The kobold brigand looks frightened!
The kobold looks frightened!
It was a scroll of fear.
You die...

Skill      XL: |  1  2  3  4  5 |
---------------+----------------+-----
Conjurations   | 2 3 |  3.6
Fire Magic     | 4 5 |  5.0
Spellcasting   | 4 |  4.3
Dodging        | |  2.4
Stealth        | |  2.4

Action                   |  1- 3 |  4- 6 || total
-------------------------+-------+-------++-------
Melee: Short sword       |     2 |     8 ||    10
 Cast: Foxfire           |    76 |    51 ||   127
       Scorch            |     7 |     6 ||    13
  Use: Scroll            |    11 |     3 ||    14
       Potion            |       |     6 ||     6
 Stab: Sleeping          |     1 |       ||     1
Armor: Robe              |     2 |     2 ||     4
Dodge: Dodged            |     9 |    34 ||    43

Levels and vault maps discovered:
D:1:      dpeg_arrival_arbitrary_b, layout_loops_corners,
          shapermc_ecumenical_altar_mp_ritualfount, serial_shops,
          nicolae_shop_statue_plus, shop
D:2:      minmay_spotlight, layout_rooms
D:3:      layout_basic, cheibrodos_sewer_entry_sluice
Sewer:    sewer_minmay_treatment

Notes
Turn   | Place    | Note
-------+----------+-------------------------------------------
     0 | D:1      | Kae the Deep Elf Fire Elementalist began the quest for the
                  | Orb.
     0 | D:1      | Reached XP level 1. HP: 10/10 MP: 6/6
     0 | D:1      | magus.rc [v1.11.3]
   260 | D:1      | Found Ciugog's Jewellery Shop.
   277 | D:1      | Reached XP level 2. HP: 15/15 MP: 4/8
   304 | D:1      | Learned a level 2 spell: Scorch
   453 | D:1      | Reached skill level 2 in Conjurations
   510 | D:1      | Found Izurask's General Store.
   578 | D:1      | Found a faded altar of an unknown god.
   870 | D:1      | Reached XP level 3. HP: 17/19 MP: 4/9
   874 | D:1      | Learned a level 3 spell: Conjure Flame
  1299 | D:2      | Reached skill level 4 in Fire Magic
  1413 | D:2      | Identified the +10 dire flail of Exquisite Death {pain,
                  | rPois rCorr Str-3}
  2032 | D:3      | Reached XP level 4. HP: 24/24 MP: 8/11
  2204 | D:3      | Reached skill level 3 in Conjurations
  2217 | D:3      | HP: 4/24 [worm (8)]
  2247 | D:3      | Reached skill level 4 in Spellcasting
  2300 | D:3      | Found a glowing drain.
  2309 | Sewer    | Entered a sewer
  2488 | Sewer    | Reached XP level 5. HP: 28/28 MP: 11/13
  2932 | Sewer    | Reached skill level 5 in Fire Magic
  2967 | Sewer    | Learned a level 3 spell: Inner Flame
  3003 | Sewer    | HP: 7/28 [poisoned by a kobold brigand (curare-tipped
                  | dart)]
  3011 | Sewer    | HP: 2/28 [asphyx]
  3012 | Sewer    | Succumbed to a kobold brigand's curare-tipped dart

Vanquished Creatures
  An orc priest (D:3)
  4 river rats (Sewer)
  2 adders (D:3)
  3 worms
  A dart slug (D:3)
  3 orcs (D:3)
  7 ball pythons
  3 endoplasms
  2 giant cockroaches (D:2)
  3 goblins
  6 hobgoblins
  4 jackals (D:1)
  5 quokkas
  4 bats
  6 frilled lizards
  16 kobolds
  20 rats
90 creatures vanquished.

Vanquished Creatures (others)
  223 foxfires
223 creatures vanquished.

Grand Total: 313 creatures vanquished

Table legend:
 A = Non-vault XP
 B = Vault XP
 C = Vault XP percentage of total XP
 D = Non-vault monster count
 E = Vault monster count
 F = Vault count percentage of total count
                 A         B        C        D         E       F
            +---------+---------+-------+---------+---------+-------
      Total |     168 |      95 |  36.1 |      56 |      34 |  37.8
            +---------+---------+-------+---------+---------+-------
        D:1 |      46 |       0 |   0.0 |      27 |       0 |   0.0
        D:2 |      30 |       9 |  23.1 |      17 |       3 |  15.0
        D:3 |      92 |       0 |   0.0 |      12 |       0 |   0.0
      Sewer |       0 |      86 | 100.0 |       0 |      31 | 100.0
            +---------+---------+-------+---------+---------+-------

Illustrated notes

Table legend:
 A = Kills in this place as a percentage of kills in entire the game.
 B = Kills by you in this place as a percentage of kills by you in the entire game.
 C = Kills by friends in this place as a percentage of kills by friends in the entire game.
 D = Other kills in this place as a percentage of other kills in the entire game.
 E = Experience gained in this place as a percentage of experience gained in the entire game.
 F = Experience gained in this place divided by the number of levels of this place that you have seen.
                   A       B       C       D       E      F
               +-------+-------+-------+-------+-------+----------------------
         Total | 100.0 | 100.0 |   N/A |   N/A | 100.0 |  65.8
       Dungeon |  65.6 |  65.6 |   N/A |   N/A |  67.3 |  59.0
         Sewer |  34.4 |  34.4 |   N/A |   N/A |  32.7 |  86.0
               +-------+-------+-------+-------+-------+----------------------

Table legend: (Time is in decaauts)
 A = Elapsed time spent in this place.
 B = Non-inter-level travel time spent in this place.
 C = Inter-level travel time spent in this place.
 D = Time resting spent in this place.
 E = Time spent auto-exploring this place.
 F = Levels seen in this place.
 G = Mean time per level.
                   A        B        C        D        E       F      G
               +--------+--------+--------+--------+--------+-----+--------+
         Total |   3030 |   2977 |     53 |    249 |   2079 |   4 |  757.5 |
       Dungeon |   2316 |   2263 |     53 |    149 |   1638 |   3 |  772.0 |
         Sewer |    714 |    714 |      0 |    100 |    440 |   1 |  714.0 |
               +--------+--------+--------+--------+--------+-----+--------+

Top non-repeatable levels by time:
     D:1: 1294 daAuts
     D:2: 728 daAuts
   Sewer: 714 daAuts
     D:3: 293 daAuts
